 Dungeon Crawl Stone Soup version 0.29.0-4-gdea44cf6ec (webtiles) character file.

Game seed: 5533118689831004889

1703 qw the Chopper (level 9, 0/81 HPs)
             Began as a Gargoyle Berserker on Sept 7, 2022.
             Was a Believer of Trog.
             Slain by Maggie
             ... wielding a +2 scimitar of flaming
              (3 damage)
             ... on level 6 of the Dungeon.
             The game lasted 00:02:00 (6303 turns).

qw the Chopper (Gargoyle Berserker)                 Turns: 6303, Time: 00:02:00

Health: 0/81       AC: 19    Str: 26    XL:     9   Next: 3%
Magic:  9/9        EV:  6    Int:  7    God:    Trog [**....]
Gold:   87         SH:  9    Dex:  9    Spells: 8/8 levels left

rFire   . . .      SeeInvis .   Y - +0 war axe (chaos)
rCold   . . .      Faith    .   o - +0 kite shield
rNeg    + . .      Spirit   .   c - +0 plate armour
rPois   inf        Reflect  .   m - +0 helmet
rElec   +          Harm     .   (no cloak)
rCorr   .          Rampage  .   (no gloves)
Will    +....                   (no boots)
Stlth   ..........              b - amulet of the acrobat
HPRegen 0.23/turn               e - ring of willpower
MPRegen 0.11/turn               (no ring)

@: berserking, very quick
A: sickness immunity, AC +6, negative energy resistance 1, electricity
resistance, torment resistance 1, petrification resistance
a: Renounce Religion, Berserk, Trog's Hand


You were on level 6 of the Dungeon.
You worshipped Trog.
Trog was pleased with you.
You visited 1 branch of the dungeon, and saw 6 of its levels.

You collected 288 gold pieces.
You spent 201 gold pieces at shops.


Innate Abilities, Weirdness & Mutations

You are immune to sickness and miasma.
Your stone body is resilient. (AC +6)
You are immune to poison.
You resist negative energy. (rN+)
You are resistant to electric shocks. (rElec)
You are resistant to unholy torment.
You are immune to petrification.


   Skills:
 - Level 5.1 Fighting
 - Level 7.1 Axes
 - Level 3.3 Throwing
 + Level 3.6 Armour
 - Level 1.5 Dodging
 - Level 6.4 Shields


You had 8 spell levels left.
You didn't know any spells.
Your spell library was empty.

Inventory:

Hand Weapons
 j - a +0 flail
 Y - a +0 war axe of chaos (weapon)
Missiles
 f - a javelin (quivered)
Armour
 c - a +0 plate armour (worn)
 m - a +0 helmet (worn)
 o - a +0 kite shield (worn)
 r - a +3 scale mail of fire resistance
Jewellery
 b - an amulet of the acrobat (around neck)
 e - a ring of willpower (left hand)
 k - a ring of fire
Scrolls
 a - 3 scrolls of identify
 d - a scroll of enchant weapon {unknown}
 t - a scroll of teleportation
Potions
 g - a potion of haste {unknown}
 h - a potion of resistance
 l - a potion of lignification {unknown}
 p - 2 potions of curing

Dungeon Overview and Level Annotations

Branches:
Dungeon (6/15)
 Temple: D:4-7

Altars:
Hepliaklqana
Kikubaaqudgha
Makhleb
Okawaru
Ru
Trog
Vehumet
Yredelemnul

Shops:
D:1 !   D:4 *

Annotations:
D:6 Maggie


Message History

You have reached level 9!
Your experience leads to an increase in your attributes!
Increase (S)trength, (I)ntelligence, or (D)exterity?
You feel stronger. x2
d - a scroll labelled QEUKAEXOHI
There is an escape hatch in the floor here.
f - a javelin
a - 3 scrolls of identify (gained 2)
Found a basalt altar of Yredelemnul.
Maggie the Vainglorious comes into view.
She is wielding a +2 scimitar of flaming.
Maggie shouts!
Maggie moves out of view.
You hit Maggie but do no damage.
Maggie casts a spell.
Maggie attempts to bespell you! You resist with almost no effort.
You hit Maggie but do no damage.
Maggie goes berserk!
Maggie hits you with a +2 scimitar of flaming!
Maggie burns you.
Maggie hits you with a +2 scimitar of flaming!
Maggie burns you.
6299 ||| INVOKING Berserk.
A red film seems to cover your vision as you go berserk!
You feel yourself moving faster!
You feel mighty!
Maggie hits you with a +2 scimitar of flaming!
Maggie burns you. Maggie barely misses you.
You slash Maggie!
Maggie is lightly wounded.
You block Maggie's attack.
You hit Maggie.
Maggie is moving more slowly.
Maggie is lightly wounded.
You block Maggie's attack.
You hit Maggie. You burn Maggie.
Maggie is lightly wounded.
Maggie barely misses you.
You hit Maggie but do no damage.
Maggie is lightly wounded.
Maggie barely misses you.
Maggie hits you with a +2 scimitar of flaming!
Maggie burns you.
You die...

###.............#..#..#### ..#..
#.............####.......########
...........).## #..........#...##
..............###...#..#........#
.#................####.###.......
########..####.....###..###......
# #########..###..###..##...
#...#.........#.##...#
#...@@..............##
#...##....#........### ##.
#...##.......## # ...###......(#
...# #.....### #..## #.....( ##..
#........ #.. ..#.....


You could see Maggie (berserk, petrifying).

Vanquished Creatures
  Grinder (D:6)
  Sigmund (D:5)
  Menkaure (D:6)
  A black bear (D:5)
  An ogre (D:6)
  A centaur (D:6)
  A kobold brigand (D:6)
  3 necrophages (D:6)
  A gnoll sergeant (D:6)
  2 scorpions (D:6)
  2 jellies
  A gnoll bouda (D:5)
  An orc priest (D:5)
  Terence (D:3)
  4 iguanas
  11 gnolls
  8 adders
  4 worms
  3 dart slugs
  7 orcs
  8 bats
  6 endoplasms
  3 giant cockroaches
  9 goblins
  9 hobgoblins
  4 quokkas
  10 ball pythons
  3 frilled lizards
  6 kobolds
  5 rats
118 creatures vanquished.

Notes
Turn   | Place    | Note
-------+----------+-------------------------------------------
     0 | D:1      | qw the Gargoyle Berserker began the quest for the Orb.
     0 | D:1      | Reached XP level 1. HP: 14/14 MP: 1/1
     0 | D:1      | 0 ||| qw: Version: 0.1-a-108-g9e35731
     0 | D:1      | 0 ||| qw: Game counter: 6535
     0 | D:1      | 0 ||| qw: Always use a shield: true
     0 | D:1      | 0 ||| qw: Do Orc after D:15 true
     0 | D:1      | 0 ||| qw: Do second Lair branch before Depths: true
     0 | D:1      | 0 ||| qw: Lair rune preference: random
     0 | D:1      | 0 ||| qw: Plans: Normal
     0 | D:1      | 0 ||| PLANNING D:1-11
   116 | D:1      | Reached skill level 3 in Axes
   142 | D:1      | Reached XP level 2. HP: 17/19 MP: 2/2
   311 | D:1      | 311 ||| Stepping ~*~*~tactically~*~*~ (stealth).
   531 | D:1      | 531 ||| Stepping ~*~*~tactically~*~*~ (stealth).
   752 | D:1      | Reached XP level 3. HP: 23/23 MP: 3/3
   957 | D:1      | Reached ** piety under Trog
  1004 | D:1      | Found Igha's Distillery.
  1017 | D:1      | 1017 ||| SHOPLISTING potion of cancellation (104 gold, have
                  | 46).
  1017 | D:1      | 1017 ||| BUYING potion of curing (39 gold).
  1017 | D:1      | Bought a potion of curing for 39 gold pieces
  1017 | D:1      | 1017 ||| SHOPLISTING potion of mutation (104 gold, have 7).
  1222 | D:1      | 1222 ||| UPGRADING to +0 leather armour.
  1232 | D:1      | 1232 ||| DROPPING +0 animal skin.
  1233 | D:1      | 1233 ||| UPGRADING to +0 kite shield.
  1238 | D:1      | 1238 ||| UPGRADING to ring of willpower.
  1239 | D:1      | 1239 ||| READING 3 scrolls labelled POYNU YLAI.
  1240 | D:1      | 1240 ||| READING 2 scrolls labelled YFIQEO TUSEA.
  1241 | D:1      | 1241 ||| READING scroll labelled HETIFU FOOMYI.
  1242 | D:1      | 1242 ||| READING scroll labelled KOB ESTEBLIFFO.
  1343 | D:1      | 1343 ||| READING scroll labelled HUIPTEX VUGOTS.
  1344 | D:1      | 1344 ||| DRINKING 2 bubbling white potions.
  1345 | D:1      | 1345 ||| DRINKING 2 silvery potions.
  1346 | D:1      | 1346 ||| READING 2 scrolls of identify.
  1346 | D:1      | 1346 ||| IDENTIFYING bubbling grey potion
  1347 | D:1      | 1347 ||| DROPPING scroll of magic mapping.
  1348 | D:1      | 1348 ||| DROPPING potion of degeneration.
  1349 | D:1      | 1349 ||| DROPPING potion of berserk rage.
  1492 | D:2      | 1492 ||| DROPPING +0 club.
  1677 | D:2      | 1677 ||| INVOKING Berserk.
  1681 | D:2      | Reached skill level 1 in Shields
  1905 | D:2      | 1905 ||| Stepping ~*~*~tactically~*~*~ (stealth).
  1939 | D:2      | 1939 ||| INVOKING Berserk.
  2088 | D:2      | Reached XP level 4. HP: 28/28 MP: 4/4
  2362 | D:2      | 2362 ||| UPGRADING to +0 plate armour.
  2372 | D:2      | 2372 ||| DROPPING +0 leather armour.
  2373 | D:2      | 2373 ||| READING scroll labelled PURHUE QUAFAOTH.
  2419 | D:2      | 2419 ||| READING 3 scrolls of identify.
  2419 | D:2      | 2419 ||| IDENTIFYING white potion
  2420 | D:2      | 2420 ||| READING 2 scrolls of identify.
  2420 | D:2      | 2420 ||| IDENTIFYING fuming dark potion
  2421 | D:2      | 2421 ||| DROPPING potion of flight.
  2422 | D:2      | 2422 ||| DROPPING potion of invisibility.
  2429 | D:3      | You fall into a shaft and drop 2 floors!
  2429 | D:5      | Entered Level 5 of the Dungeon
  2442 | D:5      | 2442 ||| Stepping ~*~*~tactically~*~*~ (stealth).
  2444 | D:5      | 2444 ||| INVOKING Berserk.
  2451 | D:5      | Reached skill level 3 in Shields
  2469 | D:5      | HP: 6/28 [iguana (4)]
  2472 | D:5      | Reached XP level 5. HP: 8/32 MP: 5/5
  2703 | D:5      | 2703 ||| SWAPPING to +0 war axe.
  2704 | D:5      | 2704 ||| DROPPING +0 hand axe.
  2740 | D:5      | Noticed Sigmund
  2741 | D:5      | 2741 ||| INVOKING Berserk.
  2747 | D:5      | Killed Sigmund
  2748 | D:5      | Reached skill level 3 in Throwing
  2748 | D:5      | Reached XP level 6. HP: 37/37 MP: 6/6
  2883 | D:5      | 2883 ||| DROPPING +0 whip.
  2909 | D:5      | Identified the +3 leather armour "Nistir" {rPois Regen+
                  | Dex+4}
  2994 | D:5      | 2994 ||| UPGRADING to amulet of the acrobat.
  2999 | D:5      | 2999 ||| DROPPING ring of magical power.
  3000 | D:5      | 3000 ||| READING scroll labelled TUGIKI BORE.
  3001 | D:5      | 3001 ||| READING scroll labelled COZOPHIOPE.
  3038 | D:4      | Reached skill level 4 in Axes
  3062 | D:4      | Found Suic's General Store.
  3065 | D:4      | 3065 ||| DRINKING 2 dark potions.
  3066 | D:4      | 3066 ||| DROPPING potion of magic.
  3093 | D:3      | 3093 ||| Stepping ~*~*~tactically~*~*~ (stealth).
  3224 | D:3      | 3224 ||| Stepping ~*~*~tactically~*~*~ (stealth).
  3363 | D:3      | Noticed Terence
  3364 | D:3      | 3364 ||| INVOKING Berserk.
  3369 | D:3      | Killed Terence
  3679 | D:3      | 3679 ||| UPGRADING to +0 helmet.
  3684 | D:3      | 3684 ||| READING scroll labelled WAAGEM NOGGOFA.
  3685 | D:3      | 3685 ||| READING scroll labelled ZOPIPP IMOMAWU.
  3731 | D:4      | 3731 ||| Stepping ~*~*~tactically~*~*~ (stealth).
  3795 | D:4      | 3795 ||| Stepping ~*~*~tactically~*~*~ (stealth).
  3807 | D:4      | Reached XP level 7. HP: 41/41 MP: 7/7
  3831 | D:4      | 3831 ||| Stepping ~*~*~tactically~*~*~ (hiding).
  3832 | D:4      | 3832 ||| Stepping ~*~*~tactically~*~*~ (hiding).
  4024 | D:4      | 4024 ||| BUYING scroll of brand weapon (123 gold).
  4024 | D:4      | Bought a scroll of brand weapon for 123 gold pieces
  4024 | D:4      | 4024 ||| BUYING scroll of teleportation (39 gold).
  4024 | D:4      | Bought a scroll of teleportation for 39 gold pieces
  4024 | D:4      | 4024 ||| READING scroll of brand weapon.
  4024 | D:4      | 4024 ||| BRANDING +0 vorpal war axe.
  4134 | D:4      | 4134 ||| INVOKING Berserk.
  4405 | D:4      | Found a sacrificial altar of Ru.
  4451 | D:4      | 4451 ||| READING scroll labelled YWOTWI WIACVISADEST.
  4733 | D:5      | 4733 ||| INVOKING Berserk.
  4738 | D:5      | Reached skill level 5 in Axes
  4874 | D:5      | Found a burning altar of Makhleb.
  4957 | D:5      | Found a hazy altar of Hepliaklqana.
  4991 | D:5      | Found a faded altar of an unknown god.
  4991 | D:5      | Found an ancient bone altar of Kikubaaqudgha.
  4999 | D:5      | Found a faded altar of an unknown god.
  5001 | D:5      | Found a radiant altar of Vehumet.
  5003 | D:5      | Found an iron altar of Okawaru.
  5136 | D:5      | 5136 ||| INVOKING Berserk.
  5150 | D:5      | Reached skill level 3 in Armour
  5217 | D:5      | 5217 ||| DRINKING 2 bubbling cyan potions.
  5218 | D:5      | 5218 ||| READING 2 scrolls of identify.
  5218 | D:5      | 5218 ||| IDENTIFYING ruby potion
  5219 | D:5      | 5219 ||| DROPPING potion of attraction.
  5220 | D:5      | 5220 ||| DROPPING potion of brilliance.
  5270 | D:6      | 5270 ||| INVOKING Berserk.
  5277 | D:6      | HP: 11/64 [ogre/+0 giant club (18)]
  5279 | D:6      | Reached XP level 8. HP: 12/48 MP: 8/8
  5392 | D:6      | Noticed Grinder
  5393 | D:6      | 5393 ||| FLEEEEING.
  5394 | D:6      | 5394 ||| STAIRDANCE
  5517 | D:6      | 5517 ||| INVOKING Trog's Hand.
  5520 | D:6      | 5520 ||| INVOKING Berserk.
  5530 | D:6      | Killed Grinder
  5531 | D:6      | Reached skill level 6 in Axes
  5716 | D:6      | Found a bloodstained altar of Trog.
  5725 | D:6      | Noticed Menkaure
  5726 | D:6      | 5726 ||| FLEEEEING.
  5727 | D:6      | 5727 ||| FLEEEEING.
  5747 | D:6      | 5747 ||| INVOKING Berserk.
  5750 | D:6      | Killed Menkaure
  5751 | D:6      | Reached skill level 6 in Shields
  5885 | D:6      | 5885 ||| Stepping ~*~*~tactically~*~*~ (stealth).
  5887 | D:6      | 5887 ||| Stepping ~*~*~tactically~*~*~ (stealth).
  5925 | D:6      | Reached skill level 7 in Axes
  6049 | D:6      | 6049 ||| Stepping ~*~*~tactically~*~*~ (stealth).
  6055 | D:6      | 6055 ||| INVOKING Berserk.
  6136 | D:6      | Reached XP level 9. HP: 54/54 MP: 9/9
  6233 | D:6      | Found a basalt altar of Yredelemnul.
  6295 | D:6      | Noticed Maggie
  6299 | D:6      | 6299 ||| INVOKING Berserk.
  6299 | D:6      | HP: 14/81 [Maggie/+2 scimitar of flaming (10)]
  6303 | D:6      | HP: 3/81 [Maggie/+2 scimitar of flaming (11)]
  6303 | D:6      | Slain by Maggie

Levels and vault maps discovered:
D:1:      dpeg_arrival_tiny_f, layout_basic, serial_shops,
          nicolae_shop_hallway_plus, nicolae_figureground_sparkle
D:2:      layout_basic
D:3:      layout_rooms, uniq_terence
D:4:      layout_cave_pools, lemuel_crystal_altar, nicolae_stop_n_shop_2
D:5:      layout_loops_ring, kennysheep_mini,
          chequers_temple_overflow_minitemple, lightli_temple_of_fire,
          uniq_sigmund
D:6:      layout_cave_pools, yredelemnul_altar_generic,
          mainiacjoe_overflow_paths, marbit_many_paths, serial_bayou_pond_e,
          kennysheep_nondescript, uniq_grinder, uniq_maggie, uniq_menkaure

Skill      XL: |  1  2  3  4  5  6  7  8 |
---------------+-------------------------+-----
Axes           | 3 4 5 7 |  7.1
Shields        | 2 3 5 6 |  6.4
Throwing       | 3 |  3.3
Armour         | 3 |  3.6
Fighting       | 4 5 |  5.1
Dodging        | |  1.5

Action                   |  1- 3 |  4- 6 |  7- 9 || total
-------------------------+-------+-------+-------++-------
Melee: Hand axe          |   121 |    21 |       ||   142
       Punch             |     1 |       |       ||     1
       War axe           |       |    36 |   161 ||   197
Throw: Javelin           |    10 |    31 |    17 ||    58
Invok: Berserk           |     2 |     3 |     8 ||    13
       Trog's Hand       |       |       |     1 ||     1
  Use: Scroll            |     6 |     7 |     3 ||    16
       Potion            |     2 |     1 |     1 ||     4
Armor: Animal skin       |    23 |       |       ||    23
       Leather armour    |    19 |       |       ||    19
       Plate armour      |       |    28 |   114 ||   142
Dodge: Dodged            |    67 |     7 |    51 ||   125
Block: Kite shield       |     8 |    23 |    84 ||   115

Table legend:
 A = Non-vault XP
 B = Vault XP
 C = Vault XP percentage of total XP
 D = Non-vault monster count
 E = Vault monster count
 F = Vault count percentage of total count
                 A         B        C        D         E       F
            +---------+---------+-------+---------+---------+-------
      Total |    1690 |     743 |  30.5 |     113 |       5 |   4.2
            +---------+---------+-------+---------+---------+-------
        D:1 |      49 |       0 |   0.0 |      26 |       0 |   0.0
        D:2 |      43 |       0 |   0.0 |      16 |       0 |   0.0
        D:3 |      57 |      38 |  40.0 |      16 |       1 |   5.9
        D:4 |      85 |       0 |   0.0 |      16 |       0 |   0.0
        D:5 |     448 |     231 |  34.0 |      20 |       1 |   4.8
        D:6 |    1008 |     474 |  32.0 |      19 |       3 |  13.6
            +---------+---------+-------+---------+---------+-------
